 Dungeon Crawl Stone Soup version 0.17-a0-1485-g22cb0ee (webtiles) character file.

161 urechis the Skirmisher (level 5, 0/38 HPs)
             Began as an Octopode Fighter on July 5, 2015.
             Slain by Duffy's ghost (4 damage)
             ... on level 3 of the Dungeon.
             The game lasted 00:02:26 (2361 turns).

urechis the Skirmisher (Octopode Fighter)           Turns: 2361, Time: 00:02:27

Health: 0/38       AC:  1    Str: 15    XL:     5   Next: 42%
Magic:  5/5        EV: 11    Int: 11    God:
Gold:   192        SH:  8    Dex: 12    Spells: 0 memorised, 4 levels left

rFire  . . .     SeeInvis .     a - +0 long sword
rCold  . . .     Clarity  .     b - +0 shield
rNeg   . . .     SustAt   .     (helmet restricted)
rPois  .         Gourm    .     (no amulet)
rElec  .         Spirit   .     p - +1 ring of evasion
rCorr  .         Warding  .     (no ring)
rMut   .         Stasis   .     (no ring)
MR     .....                    (no ring)
Stlth  ++........               (no ring)
                                (no ring)
                                (no ring)
                                (no ring)

@: not resistant to hostile enchantments, unstealthy
A: almost no armour, amphibious, 8 rings, constrict 8, camouflage 1, gelatinous
body 1
a: no special abilities


You were on level 3 of the Dungeon.
You were hungry.

You visited 1 branch of the dungeon, and saw 3 of its levels.

You collected 192 gold pieces.

Inventory:

Hand weapons
 a - a +0 long sword (weapon)
Armour
 b - a +0 shield (worn)
Jewellery
 p - a +1 ring of evasion (left tentacle)
Scrolls
 e - 5 scrolls of remove curse {unknown}
 f - 2 scrolls of identify {unknown}
 g - 2 scrolls of amnesia {unknown}
 i - a scroll of blinking {unknown}
 j - 2 scrolls of recharging {unknown}
 k - a scroll of immolation {unknown}
 m - 2 scrolls of enchant armour {unknown}
 n - a scroll of random uselessness {unknown}
 r - a scroll of enchant weapon {unknown}
Potions
 c - a potion of might
 h - a potion of flight {unknown}
 l - a potion of agility {unknown}
 o - a potion of degeneration {unknown}
 q - 2 potions of poison {unknown}
Comestibles
 d - 3 bread rations
 s - a beef jerky
 t - a slice of pizza


   Skills:
 + Level 4.8 Fighting
 + Level 3.9 Long Blades
 - Level 3.0 Dodging
 - Level 3.0 Shields


You had 4 spell levels left.
You didn't know any spells.

Dungeon Overview and Level Annotations

Branches:
Dungeon (3/15)

Altars:

Annotations:
D:3 Duffy's ghost, average SpTm


Innate Abilities, Weirdness & Mutations

You cannot wear most types of armour.
You are amphibious.
You can wear up to eight rings at the same time.
You can use your tentacles to constrict eight enemies at once.
Your skin changes colour to match your surroundings (Stealth).
Your rubbery body absorbs attacks (AC +1).


Message History

Duffy's ghost hits you. You block Duffy's ghost's attack.
You closely miss Duffy's ghost.
Duffy's ghost is moderately damaged.
Duffy's ghost hits you.
You miss Duffy's ghost.
Duffy's ghost is moderately damaged.
Duffy's ghost hits you.
* * * LOW HITPOINT WARNING * * *
You hit Duffy's ghost.
Duffy's ghost is heavily damaged.
You block Duffy's ghost's attack.
You barely miss Duffy's ghost.
Duffy's ghost is heavily damaged.
Duffy's ghost hits you.
* * * LOW HITPOINT WARNING * * *
Duffy's ghost hits you.
* * * LOW HITPOINT WARNING * * *
You block Duffy's ghost's attack. Duffy's ghost hits you.
You die...

#..# ######### #..#
........## #..#
#........# #..#
#.####...## #..#
..###.###.## #..#
..##.## ##.### #..#
.....# #...# #..#
.....# ##.#.###@.#
......# #.......W.#
.....#[..#.####...#
....###.##.# #.#.#
...## ##...# #...#
#... ..## #.###
##.# ##.#####.#
#...w...# #....####


You could see Duffy's ghost.

Vanquished Creatures
  A giant frog (D:3)
  Ijyb (D:2)
  2 adders
  2 worms
  6 hobgoblins
  6 kobolds
  6 bats
  A giant cockroach (D:1)
  5 giant newts
  4 goblins
  4 quokkas (D:2)
  7 rats
45 creatures vanquished.

Notes
Turn   | Place    | Note
--------------------------------------------------------------
     0 | D:1      | urechis the Octopode Fighter began the quest for the Orb.
     0 | D:1      | Reached XP level 1. HP: 16/16 MP: 1/1
   281 | D:1      | Reached XP level 2. HP: 15/21 MP: 2/2
  1177 | D:2      | Noticed Ijyb
  1182 | D:2      | Killed Ijyb
  1182 | D:2      | Reached XP level 3. HP: 20/27 MP: 3/3
  1286 | D:2      | Reached skill level 4 in Fighting
  1411 | D:2      | Reached XP level 4. HP: 33/33 MP: 4/4
  2177 | D:3      | Found a faded altar to an unknown god.
  2238 | D:3      | Noticed a giant frog
  2244 | D:3      | Killed a giant frog
  2244 | D:3      | Reached XP level 5. HP: 22/38 MP: 5/5
  2336 | D:3      | Noticed Duffy's ghost (average SpTm)
  2361 | D:3      | Slain by Duffy's ghost

Vault maps used:
D:1:      dpeg_arrival_ratfight
D:2:      minmay_door_path, uniq_iyjb
D:3:      ecumenical_altar_2, tgw_sif

Action                   |  1- 3 |  4- 6 || total
-------------------------+-------+-------++-------
Melee: Long sword        |    51 |    42 ||    93
 Stab: Sleeping          |     9 |     3 ||    12
  Eat: Chunk             |     1 |     3 ||     4
